 Dungeon Crawl Stone Soup version 0.29-a0-477-g62b78b4225 (webtiles) character file.

Game seed: 7191408142820626291

249 jlumianski the Chopper (level 5, -1/37 HPs)
             Began as a Demonspawn Fighter on May 25, 2022.
             Slain by a goblin
             ... wielding a +0 club
              (2 damage)
             ... on level 4 of the Dungeon.
             The game lasted 00:12:59 (3704 turns).

jlumianski the Chopper (Demonspawn Fighter)         Turns: 3704, Time: 00:13:00

Health: -1/37      AC:  8    Str: 24    XL:     5   Next: 87%
Magic:  5/5        EV:  9    Int: 10    God:
Gold:   220        SH:  5    Dex: 12    Spells: 4/4 levels left

rFire   . . .      SeeInvis .   s - +1 hand axe (elec)
rCold   . . .      Faith    .   c - +1 buckler
rNeg    . . .      Spirit   .   b - +0 scale mail
rPois   .          Reflect  .   (no helmet)
rElec   .          Harm     .   m - scarf {shadows}
rCorr   .          Rampage  .   (no gloves)
Will    +....                   (no boots)
Stlth   ..........              (no amulet)
HPRegen 0.12/turn               e - +6 ring of strength
MPRegen 0.09/turn               k - ring of willpower

@: unable to read
A: hooves 1, thin metallic scales 1, powered by pain 1, demonic magic 1, frail
1, inability to read while threatened
a: no special abilities


You were on level 4 of the Dungeon.
You visited 1 branch of the dungeon, and saw 5 of its levels.

You collected 220 gold pieces.

Inventory:

Hand Weapons
 a - a +1 war axe
 p - a +0 short sword of venom
 r - a +1 vorpal flail
 s - a +1 hand axe of electrocution (weapon)
Missiles
 h - 98 stones
 i - 3 poisoned darts
 w - 5 boomerangs (quivered)
Armour
 b - a +0 scale mail (worn)
 c - a +1 buckler (worn)
 m - a scarf of shadows (worn)
Jewellery
 e - a +6 ring of strength (left hand)
 k - a ring of willpower (right hand)
 q - an amulet of faith
Wands
 x - a wand of digging (6)
Scrolls
 g - 2 scrolls of teleportation
 u - a scroll of fear {unknown}
 y - a scroll of amnesia {unknown}
Potions
 d - 2 potions of flight {unknown}
 f - 3 potions of haste
 j - a potion of might
 l - a potion of invisibility
 n - a potion of magic {unknown}
 o - a potion of curing
 t - a potion of brilliance
 z - a potion of cancellation {unknown}


   Skills:
 + Level 3.7 Fighting
 + Level 4.0 Axes
 + Level 3.6 Armour
 + Level 0.8 Dodging
 + Level 0.1 Stealth
 + Level 3.3 Shields


You had 4 spell levels left.
You didn't know any spells.
Your spell library contained the following spells:

 Spells                   Type           Power      Damage    Failure   Level
 Magic Dart               Conj           0%         1d3       77%         1
 Searing Ray              Conj           0%         2d4       88%         2
 Fulminant Prism          Conj/Hex       0%         3d6       100%        4


Dungeon Overview and Level Annotations

Branches:
Dungeon (5/15)
 Temple: D:4-7

Altars:

Shops:
D:2 (


Innate Abilities, Weirdness & Mutations

You have large cloven feet.
You are partially covered in thin metallic scales. (AC +2)
You sometimes gain a little power by taking damage.
Spells you cast may paralyse adjacent enemies.
You are frail. (-10% HP)
You sometimes lose the ability to read scrolls when taking damage.


Message History

The orc wizard hits you but does no damage.
The kobold hits you but does no damage. You block the orc's attack.
The goblin hits you but does no damage.
The orc wizard hits you but does no damage.
The kobold hits you with a +0 dagger.
The orc hits you with a +0 vorpal war axe!
* * * LOW HITPOINT WARNING * * *
The goblin hits you but does no damage.
The orc wizard hits you with a +0 dagger.
* * * LOW HITPOINT WARNING * * *
The kobold hits you but does no damage.
The orc hits you with a +0 vorpal war axe.
* * * LOW HITPOINT WARNING * * *
x2 The goblin hits you but does no damage.
The orc wizard hits you but does no damage.
You block the kobold's attack. You block the orc's attack.
The goblin hits you with a +0 club.
* * * LOW HITPOINT WARNING * * *
The orc wizard hits you but does no damage.
The kobold barely misses you. The orc hits you but does no damage.
The goblin barely misses you. You block the orc wizard's attack.
You block the kobold's attack. The orc barely misses you.
The goblin hits you with a +0 club.
* * * LOW HITPOINT WARNING * * *
The orc wizard hits you but does no damage.
You block the kobold's attack. The orc closely misses you.
You block the goblin's attack.
The orc wizard hits you but does no damage.
The kobold hits you but does no damage. The orc closely misses you.
The goblin hits you with a +0 club.
* * * LOW HITPOINT WARNING * * *
The orc wizard casts a spell.
The orc wizard flickers and vanishes!
Deactivating autopickup; reactivate with Ctrl-A.
The kobold hits you but does no damage. The orc closely misses you.
The goblin barely misses you. Something hits you.
* * * LOW HITPOINT WARNING * * *
You block the kobold's attack. The orc hits you but does no damage.
The goblin hits you with a +0 club.
You die...

########. ## ##....{og. >#
####..######. .#
##########....##
.###...>.........#
.....########...o#
.###..##.......{K######
...##.....##...o@##...#
##.######.###..g.##...# #.#
#.........#...#
##.#######..#.........##
.......####............#
#.####..# ####.#.......# # #.##
##.######.#.......# .#
...####................##### .#
#................†.........###.#


You could see 2 orcs, a goblin and a kobold.

Vanquished Creatures
  2 scorpions
  3 adders
  4 dart slugs
  14 orcs
  5 bats
  9 endoplasms
  8 giant cockroaches
  5 goblins
  7 hobgoblins
  2 quokkas
  5 ball pythons
  A frilled lizard (D:1)
  6 kobolds
  8 rats
79 creatures vanquished.

Notes
Turn   | Place    | Note
-------+----------+-------------------------------------------
     0 | D:1      | jlumianski the Demonspawn Fighter began the quest for the
                  | Orb.
     0 | D:1      | Reached XP level 1. HP: 18/18 MP: 1/1
   160 | D:1      | Gained mutation: You sometimes gain a little power by
                  | taking damage. [demonic ancestry]
   160 | D:1      | Reached XP level 2. HP: 24/24 MP: 2/2
   455 | D:1      | Noticed a shining eye
   457 | D:1      | Noticed a shining eye
   461 | D:1      | Found a faded altar of an unknown god.
   463 | D:1      | Noticed a golden eye
   465 | D:1      | Noticed a shining eye
   539 | D:1      | Reached skill level 2 in Axes
   650 | D:1      | Gained mutation: Spells you cast may paralyse adjacent
                  | enemies. [demonic ancestry]
   650 | D:1      | Reached XP level 3. HP: 29/29 MP: 3/3
  1160 | D:2      | Found Ceaf's Antique Weapon Shoppe.
  1649 | D:2      | Noticed a scorpion
  1667 | D:2      | Killed a scorpion
  1668 | D:2      | Reached skill level 3 in Axes
  1668 | D:2      | Gained mutation: You have large cloven feet. [demonic
                  | ancestry]
  1668 | D:2      | Reached XP level 4. HP: 21/35 MP: 4/4
  2535 | D:3      | Gained mutation: You are partially covered in thin metallic
                  | scales. (AC +2) [demonic ancestry]
  2535 | D:3      | Reached XP level 5. HP: 39/41 MP: 5/5
  3202 | D:5      | Entered Level 5 of the Dungeon
  3389 | D:4      | Reached skill level 4 in Axes
  3460 | D:4      | Gained mutation: Your natural rate of healing is unusually
                  | fast. [potion of mutation]
  3460 | D:4      | Gained mutation: You sometimes lose the ability to read
                  | scrolls when taking damage. [potion of mutation]
  3460 | D:4      | Gained mutation: Your system is resistant to poisons.
                  | (rPois) [potion of mutation]
  3461 | D:4      | Lost mutation: Your system is resistant to poisons. (rPois)
                  | [potion of mutation]
  3461 | D:4      | Lost mutation: Your natural rate of healing is unusually
                  | fast. [potion of mutation]
  3461 | D:4      | Gained mutation: You are frail. (-10% HP) [potion of
                  | mutation]
  3703 | D:4      | HP: 1/37 [something (2)]
  3704 | D:4      | Slain by a goblin

Illustrated notes

Levels and vault maps discovered:
D:1:      dpeg_arrival_round_a, layout_basic,
          hellmonk_ecumenical_altar_watching_god
D:2:      layout_basic, serial_shops, nicolae_shop_statue_plus
D:3:      layout_basic, serial_co_window_serial, co_window_paths_b,
          co_window_corner_a, co_window_of_opportunity_a, co_window_paths_a,
          co_window_of_opportunity_a, co_window_paths_c, co_window_corner_b,
          co_window_corner_b, co_window_corner_b, co_window_corner_b,
          co_window_corner_b, co_window_2corner, glass_columns_a,
          glass_columns_a, glass_columns_a
D:4:      layout_rooms, hangedman_decor_points
D:5:      layout_basic, minmay_temple_entry_drinking_statues

Skill      XL: |  1  2  3  4  5 |
---------------+----------------+-----
Shields        | 3 |  3.3
Axes           | 2 3 4 |  4.0
Armour         | 3 |  3.6
Fighting       | |  3.7
Dodging        | |  0.8
Stealth        | |  0.1

Action                   |  1- 3 |  4- 6 || total
-------------------------+-------+-------++-------
Melee: War axe           |   104 |    37 ||   141
       Kick              |       |    19 ||    19
       Hand axe          |       |    41 ||    41
Throw: Stone             |     2 |       ||     2
  Use: Scroll            |     5 |     2 ||     7
       Potion            |     3 |     4 ||     7
Armor: Scale mail        |    68 |    65 ||   133
Dodge: Dodged            |    43 |    60 ||   103
Block: Buckler           |    36 |    40 ||    76

Table legend: (Time is in decaauts)
 A = Elapsed time spent in this place.
 B = Non-inter-level travel time spent in this place.
 C = Inter-level travel time spent in this place.
 D = Time resting spent in this place.
 E = Time spent auto-exploring this place.
 F = Levels seen in this place.
 G = Mean time per level.
                   A        B        C        D        E       F      G
               +--------+--------+--------+--------+--------+-----+--------+
         Total |   3755 |   3755 |      0 |     59 |   2263 |   5 |  751.0 |
       Dungeon |   3755 |   3755 |      0 |     59 |   2263 |   5 |  751.0 |
               +--------+--------+--------+--------+--------+-----+--------+

Top non-repeatable levels by time:
     D:3: 1159 daAuts
     D:2: 1055 daAuts
     D:1: 1024 daAuts
     D:4: 505 daAuts
     D:5: 11 daAuts
